 Dungeon Crawl Stone Soup version 0.28.0-53-g5a82cb258f (webtiles) character file.

Game seed: 9322924580300706856

51 Zeld the Gusty (level 3, -1/19 HPs)
             Began as a Tengu Air Elementalist on June 14, 2022.
             Slain by a goblin
             ... wielding a +1 dagger of freezing
             ... led by Robin
              (2 damage)
             ... on level 2 of the Dungeon.
             The game lasted 00:01:20 (2385 turns).

Zeld the Gusty (Tengu Air Elementalist)             Turns: 2385, Time: 00:01:22

Health: -1/19      AC:  2    Str:  8    XL:     3   Next: 81%
Magic:  1/8        EV: 12    Int: 17    God:
Gold:   85         SH:  0    Dex: 14    Spells: 1/7 levels left

rFire   . . .      SeeInvis .   (no weapon)
rCold   . . .      Faith    .   (no shield)
rNeg    . . .      Spirit   .   a - +0 robe
rPois   .          Reflect  .   (helmet restricted)
rElec   .          Harm     .   (no cloak)
rCorr   .          Rampage  .   (no gloves)
Will    .....                   (boots unavailable)
Stlth   ++........              (no amulet)
HPRegen 0.06/turn               (no ring)
MPRegen 0.11/turn               (no ring)

@: lethally poisoned (-1 -> -2), flying
A: beak, talons 3
a: no special abilities


You were on level 2 of the Dungeon.
You visited 1 branch of the dungeon, and saw 2 of its levels.

You collected 85 gold pieces.

Inventory:

Missiles
 b - 27 bolts
 c - 8 poisoned darts
Armour
 a - a +0 robe (worn)
Scrolls
 d - a scroll of blinking {unknown}
 e - a scroll of amnesia {unknown}
 g - a scroll of teleportation {unknown}
 h - 2 scrolls of identify {unknown}
 i - 3 scrolls of holy word {unknown}
Potions
 f - a potion of flight
 j - a potion of brilliance {unknown}


   Skills:
 - Level 2.1 Dodging
 - Level 2.0 Stealth
 * Level 2.8 Spellcasting
 + Level 2.4 Conjurations
 * Level 4.9 Air Magic


You had one spell level left.
You knew the following spells:

 Your Spells              Type           Power      Damage    Failure   Level
a - Shock                 Conj/Air       56%        1d6       4%          1
b - Static Discharge      Conj/Air       14%        N/A       6%          2
c - Swiftness             Air            19%        N/A       7%          3

Your spell library contained the following spells:

 Spells                   Type           Power      Damage    Failure   Level
 Airstrike                Air            9%         N/A       22%         4


Dungeon Overview and Level Annotations

Branches:
Dungeon (2/15)

Altars:
Hepliaklqana

Annotations:
D:2 Robin


Innate Abilities, Weirdness & Mutations

You have a beak for a mouth.
You have claws for feet.


Message History

You kill the kobold!
Robin says, "Duck!"
There are monsters nearby!
The zap hits Robin but does no damage.
Robin is lightly wounded.
The goblin shouts!
The hobgoblin throws a poisoned dart.
The poisoned dart hits you!
You are poisoned.
A goblin comes into view. It is wielding a +0 club.
There are monsters nearby!
The zap hits Robin.
Robin is heavily wounded.
The zap hits the goblin.
The goblin is heavily wounded.
You feel very sick.
The hobgoblin throws a poisoned dart.
The poisoned dart closely misses you. Robin completely misses you.
A goblin comes into view. It is wielding a +0 dagger.
There are monsters nearby!
Unknown command.
Unknown command.
Okay, then.
Sorry, you're not good enough to have a special ability.
It was a potion of flight.
You feel very buoyant.
You fly up into the air.
You feel sick. Robin barely misses you.
The hobgoblin throws a poisoned dart.
The poisoned dart closely misses you.
Unknown command.
You feel sick. Robin hits you with a +0 whip.
You feel sick. Robin throws the goblin at you! The goblin barely misses you.
Press: ? - help, v - describe, . - travel
Here: a goblin, wielding a +1 dagger of freezing (strong)
The floor.
You feel sick. The goblin hits you but does no damage.
You feel sick. Robin hits you but does no damage.
You feel sick.
The goblin hits you with a +1 dagger of freezing.
* * * LOW HITPOINT WARNING * * *
The goblin freezes you.
You die...

#...........#
#.##.#
#...........#
#. #.#
#...........#
.. #.#
#...........#
#
#..........)##
#
#............#
#
#............#
#
.............#
#
..#######..@.#
# #..gg# #
#....# #
#....# #
#.ggg# #....#
#.$g.#
#.......
####......


You could see Robin (fast), a hobgoblin (strong) and 4 goblins.

Vanquished Creatures
  An adder (D:2)
  A worm (D:2)
  3 endoplasms (D:1)
  A giant cockroach (D:1)
  5 goblins
  6 hobgoblins
  A quokka (D:1)
  5 bats
  2 frilled lizards (D:1)
  5 kobolds
  7 rats
37 creatures vanquished.

Notes
Turn   | Place    | Note
-------+----------+-------------------------------------------
     0 | D:1      | Zeld the Tengu Air Elementalist began the quest for the
                  | Orb.
     0 | D:1      | Reached XP level 1. HP: 10/10 MP: 4/4
   305 | D:1      | Reached XP level 2. HP: 15/15 MP: 3/6
   476 | D:1      | Learned a level 2 spell: Static Discharge
  1147 | D:1      | Found a faded altar of an unknown god.
  1267 | D:2      | Reached XP level 3. HP: 19/19 MP: 0/7
  1347 | D:2      | Learned a level 3 spell: Swiftness
  1922 | D:2      | Found a hazy altar of Hepliaklqana.
  2081 | D:2      | Noticed Robin
  2385 | D:2      | Slain by a goblin

Illustrated notes

Levels and vault maps discovered:
D:1:      dpeg_arrival_simpleton_c, layout_basic,
          shapermc_ecumenical_altar_hornbeckon
D:2:      layout_basic, basic_altar, uniq_sigmund, uniq_robin, uniq_natasha

Skill      XL: |  1  2 |
---------------+-------+-----
Conjurations   | 2 |  2.4
Dodging        | |  2.1
Stealth        | |  2.0
Spellcasting   | |  2.8
Air Magic      | |  4.9

Action                   || total
-------------------------++-------
Melee: Unarmed           ||     5
       Kick              ||     1
 Cast: Shock             ||    72
       Static Discharge  ||     3
  Use: Potion            ||     1
Armor: Robe              ||     6
Dodge: Dodged            ||    12
